TOP OF THE 1ST |
Franklin Fire batting - Pitching for Moose Jaw Canucks : LHP Gijsbert van Veen
|
Pitching: LHP Gijsbert van Veen
|
|
Batting: RHB Tucker Sanford
|
0-0: Called Strike 0-1: Fly out, F8 (Flyball, 78D, EV 73.8 MPH)
|
Batting: RHB Charlie Yaeger
|
0-0: Ball 1-0: Swinging Strike 1-1: Swinging Strike 1-2: Ball 2-2: Strikes out swinging
|
Batting: RHB Nick McGhee
|
0-0: Called Strike 0-1: Fly out, F7 (Flyball, 7, EV 93.8 MPH)
|
Top of the 1st over - 0 runs, 0 hits, 0 errors, 0 left on base; Franklin 0 - Moose Jaw 0 |
BOTTOM OF THE 1ST |
Moose Jaw Canucks batting - Pitching for Franklin Fire : LHP Biff Pocoroba
|
Pitching: LHP Biff Pocoroba
|
|
Batting: RHB Mark Kirk
|
0-0: SINGLE (Line Drive, 9S, EV 88.1 MPH)
|
Batting: RHB Wally Hill
|
0-0: Foul Ball, location: 2F 0-1: Foul Ball, location: 2F 0-2: Ball 1-2: Strikes out looking
|
Batting: LHB Jiro Miyake
|
0-0: Ball 1-0: Ball 2-0: Ball 3-0: Base on Balls Mark Kirk to second
|
Batting: SHB Raúl Miranda
|
0-0: Called Strike 0-1: Ball 1-1: Ball 2-1: Fielders Choice at 2nd, 6-4 (Groundball, 6, EV 86.9 MPH) Mark Kirk to third
|
Batting: SHB Senthamilselvi Manohoran
|
0-0: Ball 1-0: Called Strike 1-1: Fly out, F9 (Flyball, 89S, EV 91.9 MPH)
|
Bottom of the 1st over - 0 runs, 1 hit, 0 errors, 2 left on base; Franklin 0 - Moose Jaw 0 |
TOP OF THE 2ND |
Franklin Fire batting - Pitching for Moose Jaw Canucks : LHP Gijsbert van Veen
|
Batting: RHB Alejandro González
|
0-0: Foul Ball, location: 2F 0-1: Foul Ball, location: 2F 0-2: Ball 1-2: Reached on error, E4 (Groundball, 34, EV 83.8 MPH)
|
Batting: RHB Mario Gutiérrez
|
0-0: Called Strike 0-1: Swinging Strike 0-2: Fly out, F7 (Flyball, 78D, EV 93.1 MPH)
|
Batting: LHB Bobby Verstraten
|
0-0: Swinging Strike 0-1: Foul Ball, location: 2F 0-2: Foul Ball, location: 2F 0-2: Ball 1-2: Ball 2-2: SINGLE (Line Drive, 89S, EV 107.5 MPH) Alejandro González to second
|
Batting: SHB Roberto Arroyo
|
0-0: SINGLE (Line Drive, 9S, EV 93.8 MPH) Alejandro González to third Bobby Verstraten to second
|
Batting: SHB Millard Jones
|
0-0: Called Strike 0-1: Ball 1-1: Swinging Strike 1-2: Ball 2-2: Ball 3-2: SINGLE (Line Drive, 8RM, EV 98.8 MPH) Alejandro González scores Bobby Verstraten to third Roberto Arroyo to second
|
Batting: RHB Randy Baker
|
0-0: Called Strike 0-1: Ball 1-1: Ball 2-1: Called Strike 2-2: Foul Ball, location: 2F 2-2: Strikes out swinging
|
Batting: RHB Tucker Sanford
|
Balk! Bobby Verstraten scores Roberto Arroyo to third Millard Jones to second 0-0: Called Strike 0-1: Ball 1-1: DOUBLE (Line Drive, 8RD, EV 98.1 MPH) Roberto Arroyo scores Millard Jones scores
|
Batting: RHB Charlie Yaeger
|
0-0: Called Strike 0-1: Ball 1-1: Ball 2-1: Ball 3-1: Foul Ball, location: 2F 3-2: Foul Ball, location: 2F 3-2: Ground out 5-3 (Groundball, 56, EV 100.0 MPH)
|
Top of the 2nd over - 4 runs, 4 hits, 1 error, 1 left on base; Franklin 4 - Moose Jaw 0 |
BOTTOM OF THE 2ND |
Moose Jaw Canucks batting - Pitching for Franklin Fire : LHP Biff Pocoroba
|
Batting: RHB Allan Grant
|
0-0: Ball 1-0: Ground out 5-3 (Groundball, 56, EV 89.4 MPH)
|
Batting: LHB Dave Vansant
|
0-0: Called Strike 0-1: Ball 1-1: Called Strike 1-2: SINGLE (Line Drive, 56, EV 95.6 MPH)
|
Batting: LHB Hughie Chesire
|
0-0: Called Strike 0-1: Grounds into double play, 6-4-3 (Groundball, 6M, EV 101.9 MPH)
|
Bottom of the 2nd over - 0 runs, 1 hit, 0 errors, 0 left on base; Franklin 4 - Moose Jaw 0 |
TOP OF THE 3RD |
Franklin Fire batting - Pitching for Moose Jaw Canucks : LHP Gijsbert van Veen
|
Batting: RHB Nick McGhee
|
0-0: Called Strike 0-1: Ball 1-1: Fly out, F8 (Line Drive, 8RM, EV 96.9 MPH)
|
Batting: RHB Alejandro González
|
0-0: Ball 1-0: SINGLE (Flyball, 7LS, EV 95.0 MPH)
|
Batting: RHB Mario Gutiérrez
|
0-0: Called Strike 0-1: Swinging Strike 0-2: Foul Ball, location: 2F 0-2: Fly out, F8 (Flyball, 8RD, EV 108.1 MPH)
|
Batting: LHB Bobby Verstraten
|
0-0: Foul Ball, location: 2F 0-1: Foul Ball, location: 2F 0-2: Ball 1-2: Ball 2-2: Foul Ball, location: 2F 2-2: Foul Ball, location: 2F 2-2: Ball 3-2: SINGLE (Groundball, 3, EV 84.4 MPH) (infield hit) Alejandro González to second
|
Batting: SHB Roberto Arroyo
|
0-0: Called Strike 0-1: Foul Ball, location: 2F 0-2: Ball 1-2: Foul Ball, location: 2F 1-2: Ball 2-2: Foul Ball, location: 2F 2-2: Ball 3-2: Ground out 5-3 (Groundball, 56S, EV 89.4 MPH)
|
Top of the 3rd over - 0 runs, 2 hits, 0 errors, 2 left on base; Franklin 4 - Moose Jaw 0 |
BOTTOM OF THE 3RD |
Moose Jaw Canucks batting - Pitching for Franklin Fire : LHP Biff Pocoroba
|
Batting: RHB Edwin Hastings
|
0-0: Foul Ball, location: 2F 0-1: Called Strike 0-2: Ball 1-2: Ball 2-2: Foul Ball, location: 2F 2-2: Ball 3-2: Strikes out looking
|
Batting: RHB Mark Kirk
|
0-0: Called Strike 0-1: Ball 1-1: Ball 2-1: Swinging Strike 2-2: Fly out, F3 (Popup, 3F, EV 66.9 MPH)
|
Batting: RHB Wally Hill
|
0-0: Called Strike 0-1: Swinging Strike 0-2: SINGLE (Groundball, 56D, EV 96.2 MPH)
|
Batting: LHB Jiro Miyake
|
0-0: Ball 1-0: Ball 2-0: Foul Ball, location: 2F 2-1: Ball 3-1: Foul Ball, location: 2F 3-2: Fly out, F8 (Line Drive, 8LM, EV 91.2 MPH)
|
Bottom of the 3rd over - 0 runs, 1 hit, 0 errors, 1 left on base; Franklin 4 - Moose Jaw 0 |
TOP OF THE 4TH |
Franklin Fire batting - Pitching for Moose Jaw Canucks : LHP Gijsbert van Veen
|
Batting: SHB Millard Jones
|
0-0: Ball 1-0: Ball 2-0: Foul Ball, location: 2F 2-1: SINGLE (Line Drive, 9S, EV 96.2 MPH)
|
Batting: RHB Randy Baker
|
0-0: Fly out, F3 (Popup, 34S, EV 76.9 MPH)
|
Batting: RHB Tucker Sanford
|
0-0: Called Strike 0-1: Ball 1-1: Foul Ball, location: 2F 1-2: Ball 2-2: Fly out, F4 (Popup, 4, EV 58.8 MPH)
|
Batting: RHB Charlie Yaeger
|
0-0: Ball 1-0: Called Strike 1-1: Foul Ball, location: 2F 1-2: Ball 2-2: Ball Balk! Millard Jones to second 3-2: Base on Balls
|
Batting: RHB Nick McGhee
|
0-0: Ball 1-0: Foul Ball, location: 2F 1-1: Ball 2-1: Ball 3-1: Fielders Choice at 2nd, U6 (Groundball, 6M, EV 88.8 MPH)
|
Top of the 4th over - 0 runs, 1 hit, 0 errors, 2 left on base; Franklin 4 - Moose Jaw 0 |
BOTTOM OF THE 4TH |
Moose Jaw Canucks batting - Pitching for Franklin Fire : LHP Biff Pocoroba
|
Batting: SHB Raúl Miranda
|
0-0: Ground out 5-3 (Groundball, 56, EV 83.1 MPH)
|
Batting: SHB Senthamilselvi Manohoran
|
0-0: Called Strike 0-1: Called Strike 0-2: Fly out, F8 (Flyball, 8RS, EV 86.2 MPH)
|
Batting: RHB Allan Grant
|
0-0: Ball 1-0: Ball 2-0: Ball 3-0: Called Strike 3-1: Foul Ball, location: 2F 3-2: Fly out, F8 (Flyball, 8LXD, EV 87.5 MPH)
|
Bottom of the 4th over - 0 runs, 0 hits, 0 errors, 0 left on base; Franklin 4 - Moose Jaw 0 |
TOP OF THE 5TH |
Franklin Fire batting - Pitching for Moose Jaw Canucks : LHP Gijsbert van Veen
|
Batting: RHB Alejandro González
|
0-0: Called Strike 0-1: Foul Ball, location: 2F 0-2: Ball 1-2: Strikes out swinging
|
Batting: RHB Mario Gutiérrez
|
0-0: Called Strike 0-1: Swinging Strike 0-2: Ball 1-2: Fly out, F9 (Flyball, 9LSF, EV 89.4 MPH)
|
Batting: LHB Bobby Verstraten
|
0-0: Foul Ball, location: 2F 0-1: Ball 1-1: Ball 2-1: Foul Ball, location: 2F 2-2: Strikes out swinging
|
Top of the 5th over - 0 runs, 0 hits, 0 errors, 0 left on base; Franklin 4 - Moose Jaw 0 |
BOTTOM OF THE 5TH |
Moose Jaw Canucks batting - Pitching for Franklin Fire : LHP Biff Pocoroba
|
Batting: LHB Dave Vansant
|
0-0: Called Strike 0-1: Foul Ball, location: 2F 0-2: Ball 1-2: Foul Ball, location: 2F 1-2: Foul Ball, location: 2F 1-2: Fly out, F8 (Flyball, 8LS, EV 81.9 MPH)
|
Batting: LHB Hughie Chesire
|
0-0: Called Strike 0-1: Ball 1-1: Ball 2-1: Foul Ball, location: 2F 2-2: Foul Ball, location: 2F 2-2: Ball 3-2: Strikes out swinging
|
Batting: RHB Edwin Hastings
|
0-0: Ball 1-0: Foul Ball, location: 2F 1-1: Ball 2-1: SINGLE (Groundball, 25, EV 56.9 MPH) (infield hit)
|
Batting: RHB Mark Kirk
|
0-0: Ball 1-0: Ball 2-0: Swinging Strike 2-1: Swinging Strike 2-2: Strikes out swinging
|
Bottom of the 5th over - 0 runs, 1 hit, 0 errors, 1 left on base; Franklin 4 - Moose Jaw 0 |
TOP OF THE 6TH |
Franklin Fire batting - Pitching for Moose Jaw Canucks : LHP Gijsbert van Veen
|
Batting: SHB Roberto Arroyo
|
0-0: Ball 1-0: Called Strike 1-1: Ball 2-1: Foul Ball, location: 2F 2-2: Ground out 3-1 (Groundball, 34, EV 90.6 MPH)
|
Batting: SHB Millard Jones
|
0-0: Fly out, F8 (Flyball, 8RS, EV 80.0 MPH)
|
Batting: RHB Randy Baker
|
0-0: Swinging Strike 0-1: Ball 1-1: Foul Ball, location: 2F 1-2: Strikes out swinging
|
Top of the 6th over - 0 runs, 0 hits, 0 errors, 0 left on base; Franklin 4 - Moose Jaw 0 |
BOTTOM OF THE 6TH |
Moose Jaw Canucks batting - Pitching for Franklin Fire : LHP Biff Pocoroba
|
Batting: RHB Wally Hill
|
0-0: Called Strike 0-1: Foul Ball, location: 2F 0-2: Ground out 5-3 (Groundball, 5S, EV 81.2 MPH)
|
Batting: LHB Jiro Miyake
|
0-0: Ball 1-0: Ground out 4-3 (Groundball, 4, EV 91.2 MPH)
|
Batting: SHB Raúl Miranda
|
0-0: Ball 1-0: Called Strike 1-1: Ball 2-1: Ball 3-1: Fly out, F2 (Popup, 23F, EV 84.4 MPH)
|
Bottom of the 6th over - 0 runs, 0 hits, 0 errors, 0 left on base; Franklin 4 - Moose Jaw 0 |
TOP OF THE 7TH |
Franklin Fire batting - Pitching for Moose Jaw Canucks : LHP Gijsbert van Veen
|
Pitching: RHP Karel Vandemeulbroucke
|
|
Batting: RHB Tucker Sanford
|
0-0: Ball 1-0: Ball 2-0: Foul Ball, location: 2F 2-1: SINGLE (Line Drive, 4MD, EV 101.9 MPH)
|
Batting: RHB Charlie Yaeger
|
0-0: Ball 1-0: Bunt missed! 1-1: Sac Bunt to 23 - play at first, batter OUT! 3-4 Tucker Sanford to second
|
Batting: RHB Nick McGhee
|
0-0: Ground out 6-3 (Groundball, 6, EV 105.6 MPH)
|
Batting: RHB Alejandro González
|
0-0: Foul Ball, location: 2F 0-1: Called Strike 0-2: Strikes out swinging
|
Top of the 7th over - 0 runs, 1 hit, 0 errors, 1 left on base; Franklin 4 - Moose Jaw 0 |
BOTTOM OF THE 7TH |
Moose Jaw Canucks batting - Pitching for Franklin Fire : LHP Biff Pocoroba
|
Batting: SHB Senthamilselvi Manohoran
|
0-0: Swinging Strike 0-1: Ball 1-1: Foul Ball, location: 2F 1-2: Ball 2-2: Strikes out looking
|
Batting: RHB Allan Grant
|
0-0: Swinging Strike 0-1: Swinging Strike 0-2: SINGLE (Flyball, 78S, EV 91.9 MPH)
|
Batting: LHB Dave Vansant
|
0-0: Ball 1-0: Ball 2-0: Swinging Strike 2-1: Called Strike 2-2: Grounds into double play, 4-6-3 (Groundball, 4, EV 110.6 MPH)
|
Bottom of the 7th over - 0 runs, 1 hit, 0 errors, 0 left on base; Franklin 4 - Moose Jaw 0 |
TOP OF THE 8TH |
Franklin Fire batting - Pitching for Moose Jaw Canucks : RHP Karel Vandemeulbroucke
|
Batting: RHB Mario Gutiérrez
|
0-0: Ball 1-0: Called Strike 1-1: Ball 2-1: Foul Ball, location: 2F 2-2: Strikes out swinging
|
Batting: LHB Bobby Verstraten
|
0-0: Ground out U3 (Groundball, 3, EV 85.0 MPH)
|
Batting: SHB Roberto Arroyo
|
0-0: Ground out 5-3 (Groundball, 56, EV 81.2 MPH)
|
Top of the 8th over - 0 runs, 0 hits, 0 errors, 0 left on base; Franklin 4 - Moose Jaw 0 |
BOTTOM OF THE 8TH |
Moose Jaw Canucks batting - Pitching for Franklin Fire : LHP Biff Pocoroba
|
Batting: LHB Hughie Chesire
|
0-0: Ball 1-0: Ball 2-0: SINGLE (Groundball, 4D, EV 103.1 MPH)
|
Pitching: RHP Myung-chor Chong
|
|
Batting: RHB Edwin Hastings
|
0-0: Ball 1-0: Ball 2-0: Ball 3-0: Base on Balls Hughie Chesire to second
|
Batting: RHB Mark Kirk
|
0-0: Foul Ball, location: 2F 0-1: Swinging Strike 0-2: Ball 1-2: Ball 2-2: Ball Wild Pitch! Hughie Chesire to third Edwin Hastings to second 3-2: Strikes out swinging
|
Batting: RHB Wally Hill
|
0-0: Ground out 6-3 (Groundball, 56, EV 97.5 MPH) Hughie Chesire scores
|
Batting: LHB Jiro Miyake
|
0-0: Ball 1-0: Fly out, F8 (Flyball, 8LD, EV 93.1 MPH)
|
Bottom of the 8th over - 1 run, 1 hit, 0 errors, 1 left on base; Franklin 4 - Moose Jaw 1 |
TOP OF THE 9TH |
Franklin Fire batting - Pitching for Moose Jaw Canucks : RHP Karel Vandemeulbroucke
|
Batting: SHB Millard Jones
|
0-0: Ball 1-0: Fly out, F7 (Line Drive, 7, EV 90.0 MPH)
|
Batting: RHB Randy Baker
|
0-0: Ball 1-0: Called Strike 1-1: Ball 2-1: Foul Ball, location: 2F 2-2: Strikes out swinging
|
Batting: RHB Tucker Sanford
|
0-0: Ball 1-0: Swinging Strike 1-1: Swinging Strike 1-2: Strikes out swinging
|
Top of the 9th over - 0 runs, 0 hits, 0 errors, 0 left on base; Franklin 4 - Moose Jaw 1 |
BOTTOM OF THE 9TH |
Moose Jaw Canucks batting - Pitching for Franklin Fire : RHP Myung-chor Chong
|
Pitching: RHP José Rivera
|
|
Batting: SHB Raúl Miranda
|
0-0: Ball 1-0: Swinging Strike 1-1: Foul Ball, location: 2F 1-2: SINGLE (Line Drive, 7S, EV 103.8 MPH)
|
Batting: SHB Senthamilselvi Manohoran
|
0-0: Ball 1-0: Ball 2-0: Swinging Strike 2-1: Foul Ball, location: 2F 2-2: Strikes out swinging
|
Batting: RHB Allan Grant
|
0-0: Ball 1-0: Ball 2-0: SINGLE (Groundball, 34D, EV 104.4 MPH) Raúl Miranda to second
|
Batting: LHB Dave Vansant
|
0-0: Foul Ball, location: 2F 0-1: Ball 1-1: Ball 2-1: Fly out, F8 (Line Drive, 8RM, EV 102.5 MPH)
|
Batting: LHB Hughie Chesire
|
0-0: Ball 1-0: Foul Ball, location: 2F 1-1: Swinging Strike 1-2: Strikes out swinging
|
Bottom of the 9th over - 0 runs, 2 hits, 0 errors, 2 left on base; Franklin 4 - Moose Jaw 1 |
|